 Dungeon Crawl Stone Soup version 0.31.0-11-ge490571c62 (webtiles) character file.

Game seed: 16177256104275085185

21 Flugkiller the Chiller (level 2, 13/13 HPs)
             Began as a Vine Stalker Ice Elementalist on Feb 1, 2024.
             Was a Follower of Nemelex Xobeh.
             Quit the game on level 1 of the Dungeon.
             The game lasted 00:01:05 (250 turns).

Flugkiller the Chiller (VSIE)                        Turns: 250, Time: 00:01:06

Health: 13/13      AC:  2    Str: 10    XL:     2   Next: 87%
Magic:  6/6        EV: 12    Int: 15    God:    Nemelex Xobeh [*.....]
Gold:   31         SH:  0    Dex: 14    Spells: 5/6 levels left

rFire   . . .        d - +0 dagger
rCold   . . .        (no shield)
rNeg    . . .        a - +0 robe
rPois   .            (no helmet)
rElec   .            (no cloak)
rCorr   .            (no gloves)
SInv    .            (no boots)
Will    .....        (no amulet)
Stlth   ++           (no ring)
HPRegen 1.02/turn    (no ring)
MPRegen 0.10/turn

%: guardian spirit
@: no status effects
A: fangs 2, regeneration 1, magic shield, antimagic bite, no potion heal 2
a: Renounce Religion, Draw Escape, Draw Destruction, Draw Summoning


You were on level 1 of the Dungeon.
You worshipped Nemelex Xobeh.
Nemelex Xobeh was aware of your devotion.
You visited 1 branch of the dungeon, and saw 2 of its levels.

You collected 31 gold pieces.

Inventory:

Hand Weapons
 d - a +0 dagger (weapon)
   (You took it off a kobold on level 2 of the Dungeon)
Armour
 a - a +0 robe (worn)
Scrolls
 c - a scroll of amnesia {unknown}
Potions
 b - a potion of magic


   Skills:
 - Level 1.5 Dodging
 - Level 2.4 Stealth
 + Level 2.9 Spellcasting
 + Level 4.4 Ice Magic


You had 5 spell levels left.
You knew the following spells:

 Your Spells              Type           Power      Damage    Failure   Level
a - Freeze                Ice            60%        1d7       3%          1

Your spell library contained the following spells:

 Spells                   Type           Power      Damage    Failure   Level
 Frozen Ramparts          Ice            30%        1d5       10%         3
 Ozocubu's Armour         Ice            15%        N/A       10%         3
 Summon Ice Beast         Ice/Summ       8%         N/A       24%         3


Dungeon Overview and Level Annotations

Branches:
Dungeon (2/15) Zot: 11751

Altars:
Nemelex Xobeh


Innate Abilities, Weirdness & Mutations

You have extremely sharp teeth.
Your natural rate of healing is unusually fast.
When hurt, damage is shared between your health and your magic reserves.
Your bite disrupts and absorbs the magic of your enemies.
Potions cannot restore your health.


Message History

The bat hits you but does no damage.
Casting: Freeze (safe; 3% risk of failure)
Confirm with . or Enter, or press ? or * to list all spells.
You can't see any susceptible monsters within range! (Use Z to cast anyway.)
The bat hits you but does no damage.
Casting: Freeze (safe; 3% risk of failure)
Confirm with . or Enter, or press ? or * to list all spells.
Aiming: Freeze (safe; 3% risk of failure)
Press: ? - help, Shift-Dir - straight line, f - bat
Aim: a bat (moderately wounded)
You freeze the bat!
You kill the bat!
A rat comes into view.
A ball python and an endoplasm come into view.
Unknown command.
The helpless rat fails to defend itself.
You puncture the rat!
You kill the rat!
The endoplasm quivers.
The endoplasm attacks as it pursues you!
The endoplasm closely misses you.
You hit the endoplasm.
You bite the endoplasm, but do no damage.
The endoplasm is lightly wounded.
The ball python hisses angrily.
The endoplasm barely misses you.
You hit the endoplasm.
The endoplasm is severely wounded.
The endoplasm hits you but does no damage.
You hit the endoplasm but do no damage. You bite the endoplasm.
You drain its power.
You feel invigorated.
The endoplasm is almost dead.
The endoplasm closely misses you.
You hit the endoplasm but do no damage. You bite the endoplasm.
You kill the endoplasm!
You hit the ball python but do no damage.
The ball python bites you. The ball python closely misses you.
You hit the ball python.
The ball python is severely wounded.
The ball python bites you but does no damage.
The ball python closely misses you. The ball python bites you.
The ball python grabs you. The ball python constricts you.
You closely miss the ball python.
The ball python is severely wounded.
The ball python bites you. The ball python constricts you.
You closely miss the ball python. You bite the ball python.
You kill the ball python!
Found 4 gold pieces.
A rat comes into view.
Found a beast talisman.
Found a hand axe.
Found a ring mail.
The rat squeaks loudly.
Casting: Freeze (safe; 3% risk of failure)
Confirm with . or Enter, or press ? or * to list all spells.
You can't see any susceptible monsters within range! (Use Z to cast anyway.)
The rat misses you.
Casting: Freeze (safe; 3% risk of failure)
Confirm with . or Enter, or press ? or * to list all spells.
Aiming: Freeze (safe; 3% risk of failure)
Press: ? - help, Shift-Dir - straight line, f - rat
Aim: a rat You freeze the rat.
You kill the rat!
You see here a rat corpse.
You now have 19 gold pieces (gained 4).
You enter a teleport trap!
The teleport trap disappears.
Your surroundings suddenly seem different.
Unknown command.
Found 12 gold pieces.
You open the door.
Found a faded altar of an unknown god.
There is an open door here.
Unknown command.
A ball python comes into view.
The ball python hisses angrily.
You see here 12 gold pieces.
You now have 31 gold pieces (gained 12).
Casting: Freeze (safe; 3% risk of failure)
Confirm with . or Enter, or press ? or * to list all spells.
Aiming: Freeze (safe; 3% risk of failure)
Press: ? - help, Shift-Dir - straight line, f - ball python
Aim: a ball python You freeze the ball python.
You kill the ball python!
There is an open door here.
There is a faded altar of an unknown god here.
This altar belongs to (a) Nemelex Xobeh, (b) Jiyva or (c) Sif Muna, but you can't tell which.
Press the corresponding letter to learn more about a god, or press enter to convert or escape to cancel.
Okay, then.
You open the door.
An endoplasm and a goblin come into view.
The endoplasm quivers.
This altar belongs to (a) Nemelex Xobeh, (b) Jiyva or (c) Sif Muna, but you can't tell which.
Press the corresponding letter to learn more about a god, or press enter to convert or escape to cancel.
Nemelex Xobeh accepts your prayer! Nemelex Xobeh welcomes you!
You can now draw from decks of power.
Nemelex will now gift you decks of power as you gain piety.
Nemelex Xobeh deals you some cards!
You now have 1 escape card and 4 destruction cards.
Are you sure you want to abandon this character and quit the game? (Confirm with "yes".)

#..........##..####
#........### ....
#........# #...
######'#....... ..
#.#.###### . #.#.#
#.#.# #.#.# #@#.#
#'#+# ... J....
....... .........
....g......
#............


You could see an endoplasm and a goblin (asleep).

Vanquished Creatures
  A dart slug (D:1)
  3 ball pythons (D:1)
  An endoplasm (D:1)
  A giant cockroach (D:2)
  2 goblins
  4 bats
  A frilled lizard (D:2)
  3 kobolds
  3 rats (D:1)
19 creatures vanquished.

Notes
Turn   | Place    | Note
-------+----------+-------------------------------------------
     0 | D:1      | Flugkiller the Vine Stalker Ice Elementalist began the
                  | quest for the Orb.
     0 | D:1      | Reached XP level 1. HP: 9/9 MP: 4/4
   119 | D:1      | Reached XP level 2. HP: 7/13 MP: 1/6
   229 | D:1      | Found a faded altar of an unknown god.
   249 | D:1      | Prayed at the altar of an unknown god.
   249 | D:1      | Became a worshipper of Nemelex Xobeh the Trickster
   249 | D:1      | Reached * piety under Nemelex Xobeh
   249 | D:1      | Received a gift from Nemelex Xobeh
   250 | D:1      | Quit the game

Illustrated notes

Levels and vault maps discovered:
D:1:      dpeg_arrival_stone_temple_mockup, layout_basic, basic_ecumenical_altar
D:2:      layout_loops_corners, serial_forest, infiniplex_forest_straight_2,
          infiniplex_forest_lined_1, infiniplex_forest_lined_3,
          infiniplex_forest_3_way, infiniplex_forest_clump_double,
          infiniplex_forest_clump_cross, infiniplex_forest_side_room

Action                     || total
---------------------------++-------
  Melee: Dagger            ||    21
         Bite              ||     9
   Cast: Freeze            ||    16
   Stab: Sleeping          ||     2
 Armour: Robe              ||    17
  Dodge: Dodged            ||    28
